 Dungeon Crawl Stone Soup version 0.22.1-1-ga44c0e56f4 (webtiles) character file.

1054 Ivernyr the Magician (level 8, -3/62 HPs)
             Began as a Naga Wizard on Oct 26, 2018.
             Slain by a gnoll (7 damage)
             ... on level 6 of the Dungeon.
             The game lasted 00:34:13 (5974 turns).

Ivernyr the Magician (Naga Wizard)                  Turns: 5974, Time: 00:34:13

Health: -3/62      AC:  4    Str:  9    XL:     8   Next: 26%
Magic:  0/18       EV: 10    Int: 21    God:
Gold:   344        SH:  0    Dex: 10    Spells: 11/20 levels left

rFire    . . .     SeeInvis +   v - +0 quarterstaff (speed)
rCold    . . .     Gourm    .   (shield currently unavailable)
rNeg     . . .     Faith    .   a - +0 robe
rPois    +         Spirit   .   h - +0 helmet
rElec    .         Reflect  .   (no cloak)
rCorr    +         Harm     .   (no gloves)
MR       +....                  (no barding)
Stlth    ++........             (no amulet)
HPRegen  0.20/turn              u - ring of resist corrosion
MPRegen  0.16/turn              (no ring)

@: about to teleport, very slow
A: large, see invisible, deformed body, poison resistance, slowness 2, slow
metabolism 1, spit poison 1, AC +2
a: Spit Poison


You were on level 6 of the Dungeon.
You were hungry.

You visited 2 branches of the dungeon, and saw 7 of its levels.

You collected 372 gold pieces.
You spent 28 gold pieces at shops.

Inventory:

Hand Weapons
 v - a +0 quarterstaff of speed (weapon)
Armour
 a - a +0 robe (worn)
 h - a +0 helmet (worn)
Jewellery
 u - a ring of resist corrosion (left hand)
Wands
 n - a wand of flame (19)
 y - a wand of iceblast (5)
Scrolls
 c - 12 scrolls of identify
 e - 4 scrolls of teleportation
 i - 5 scrolls of amnesia {unknown}
 j - 2 scrolls of fog {unknown}
 k - 4 scrolls of random uselessness {unknown}
 l - 2 scrolls of fear {unknown}
 p - 3 scrolls of remove curse {unknown}
 q - a scroll of immolation {unknown}
 r - 5 scrolls of enchant armour {unknown}
 w - a scroll of enchant weapon {unknown}
Potions
 b - a potion of might {unknown}
 f - 4 potions of curing {unknown}
 g - 3 potions of haste
 m - a potion of invisibility {unknown}
 o - a potion of brilliance {unknown}
 s - a potion of mutation {unknown}
 t - a potion of degeneration {unknown}
 x - a potion of lignification {unknown}
Comestibles
 d - 11 rations


   Skills:
 - Level 1.5 Dodging
 - Level 3.0 Stealth
 + Level 6.8 Spellcasting
 + Level 6.6 Conjurations
   Level 1.0 Summonings
 - Level 1.0 Translocations


You had 11 spell levels left.
You knew the following spells:

 Your Spells              Type           Power        Failure   Level  Hunger
a - Magic Dart            Conj           ####         1%          1    None
b - Blink                 Tloc           N/A          9%          2    None
c - Conjure Flame         Conj/Fire      ###.....     7%          3    #......
d - Mephitic Cloud        Conj/Pois/Air  ###.....     11%         3    #......

Your spell library contained the following spells:

 Spells                   Type           Power        Failure   Level  Hunger
 Call Imp                 Summ           ##......     9%          2    None
 Slow                     Hex            #.......     14%         2    None


Dungeon Overview and Level Annotations

Branches:
Dungeon (6/15)             Temple (1/1) D:5

Altars:
Ashenzari
Dithmenos
Elyvilon
Gozag
Hepliaklqana
Kikubaaqudgha
Makhleb
Nemelex Xobeh
Okawaru
Qazlal
Ru
Sif Muna
Trog
Vehumet
Wu Jian
Xom
Yredelemnul
Zin
The Shining One

Shops:
D:4 ?

Annotations:
D:5 Prince Ribbit


Innate Abilities, Weirdness & Mutations

You cannot wear boots.
Your serpentine skin is tough. (AC +2)
You have supernaturally acute eyesight. (SInv)
Armour fits poorly on your strangely shaped body.
Your system is resistant to poisons. (rPois)
You cover ground very slowly.
You have a slow metabolism.
You can spit poison.


Message History

You struggle against the net.
The gnoll hits you.
* * * LOW HITPOINT WARNING * * *
You struggle against the net.
A jelly comes into view.
The gnoll hits you.
* * * LOW HITPOINT WARNING * * *
You rip the net and break free!
The gnoll misses you.
Casting: Mephitic Cloud (safe; 11% risk of failure)
Confirm with . or Enter, or press ? or * to list all spells.
Aiming: Magic Dart (safe; 1% risk of failure)
Press: ? - help, Shift-Dir - straight line, f - gnoll
Aim: a gnoll (moderately wounded)
The magic dart hits the gnoll.
The gnoll is heavily wounded.
The gnoll barely misses you.
Unknown command.
As you read the scroll labeled ZIRIOZI INUO, it crumbles to dust.
You feel strangely unstable.
It was a scroll of teleportation.
The gnoll hits you!
You die...

####.# ##⌠⌠.≈≈.≈≈.⌠⌠## #.#
##⌠⌠.≈≈⌠.⌠≈≈.⌠⌠# #.#
##)⌠.≈≈⌠...;≈≈.⌠⌠
#.###⌠⌠.≈≈⌠.....⌠≈≈.⌠
#.#('..⌠≈gg..<...⌠≈⌠.
.#####.#(#)⌠.≈≈g.....⌠≈≈.⌠
......J.((##⌠⌠.≈≈⌠...⌠≈≈.⌠⌠
#.#####..g###⌠⌠.≈≈⌠.⌠≈≈.⌠⌠#
....c..g@###⌠⌠.≈≈.≈≈.⌠⌠##
#####...## ##⌠⌠.≈.≈.⌠⌠##
##... ##⌠⌠.gg⌠⌠## #####
##⌠⌠.⌠⌠##


You could see a centaur (confused), a jelly and 2 gnolls.

Vanquished Creatures
  Sigmund (D:2)
  2 ogres
  A centaur (D:5)
  A bullfrog (D:3)
  A scorpion (D:5)
  An electric eel (D:6)
  2 crimson imps
  A hound (D:5)
  A jelly (D:5)
  An orc priest (D:5)
  A bullfrog skeleton (D:5)
  Jessica (D:2)
  An iguana (D:5)
  3 orc wizards
  A worker ant (D:4)
  2 gnolls (D:6)
  8 adders
  A worm (D:3)
  6 dart slugs
  5 leopard geckos
  8 orcs
  9 bats
  4 giant cockroaches
  6 goblins
  5 hobgoblins
  4 quokkas
  A ball python (D:2)
  6 frilled lizards
  12 kobolds
  A quokka skeleton (D:5)
  3 rats
100 creatures vanquished.

Vanquished Creatures (others)
  A wizard (D:3)
1 creature vanquished.

Grand Total: 101 creatures vanquished

Notes
Turn   | Place    | Note
-------+----------+-------------------------------------------
     0 | D:1      | Ivernyr the Naga Wizard began the quest for the Orb.
     0 | D:1      | Reached XP level 1. HP: 15/15 MP: 4/4
    57 | D:1      | Reached XP level 2. HP: 18/22 MP: 1/6
   113 | D:1      | Learned a level 2 spell: Blink
   528 | D:1      | Reached XP level 3. HP: 16/28 MP: 0/7
   710 | D:1      | Learned a level 3 spell: Conjure Flame
   714 | D:1      | Learned a level 3 spell: Mephitic Cloud
  1582 | D:2      | Noticed Jessica
  1592 | D:2      | Killed Jessica
  1592 | D:2      | Reached XP level 4. HP: 26/36 MP: 0/10
  1715 | D:2      | Found a stormy altar of Qazlal.
  1828 | D:2      | Noticed Sigmund
  1842 | D:2      | Killed Sigmund
  1842 | D:2      | Reached XP level 5. HP: 31/42 MP: 3/12
  1842 | D:2      | Reached XP level 6. HP: 36/49 MP: 3/13
  2931 | D:3      | Reached skill level 5 in Spellcasting
  3347 | D:3      | Found an iron altar of Okawaru.
  3426 | D:3      | Found a bloodstained altar of Trog.
  3427 | D:3      | Noticed a wizard
  3432 | D:3      | Killed a wizard
  3634 | D:4      | Found a sparkling altar of Nemelex Xobeh.
  3748 | D:4      | Reached skill level 5 in Conjurations
  3748 | D:4      | Reached XP level 7. HP: 33/55 MP: 10/15
  3906 | D:4      | Found Dosol's Magic Scroll Shoppe.
  3914 | D:4      | Bought a scroll of identify for 28 gold pieces
  4360 | D:4      | Found a glowing silver altar of Zin.
  4362 | D:4      | Found a shimmering altar of Xom.
  4362 | D:4      | Found a shimmering altar of Xom.
  4364 | D:4      | Found a sacrificial altar of Ru.
  4364 | D:4      | Found a basalt altar of Yredelemnul.
  4364 | D:4      | Found an ancient bone altar of Kikubaaqudgha.
  4561 | D:5      | Entered Level 5 of the Dungeon
  5000 | D:5      | Found a glowing golden altar of the Shining One.
  5011 | D:5      | Noticed an angel
  5195 | D:5      | Found a basalt altar of Yredelemnul.
  5297 | D:5      | Found a staircase to the Ecumenical Temple.
  5406 | Temple   | Entered the Ecumenical Temple
  5552 | D:5      | Noticed Prince Ribbit
  5558 | D:5      | Reached XP level 8. HP: 61/62 MP: 7/17
  5676 | D:5      | Found a burning altar of Makhleb.
  5971 | D:6      | HP: 3/62 [gnoll (2)]
  5974 | D:6      | Slain by a gnoll

Skill      XL: |  1  2  3  4  5  6  7 |
---------------+----------------------+-----
Conjurations   | 2 4 5 6 |  6.6
Spellcasting   | 4 5 6 |  6.8
Dodging        | |  1.5
Stealth        | |  3.0
Summonings     | |  1.0
Translocations | |  1.0

Action                   |  1- 3 |  4- 6 |  7- 9 || total
-------------------------+-------+-------+-------++-------
Melee: Unarmed           |    16 |       |       ||    16
       Mace              |     4 |    20 |       ||    24
       Trident           |       |    15 |       ||    15
       Quarterstaff      |       |       |    33 ||    33
 Cast: Magic Dart        |    63 |    64 |    63 ||   190
       Mephitic Cloud    |       |     4 |    10 ||    14
       Conjure Flame     |       |     1 |     1 ||     2
 Abil: Spit Poison       |     8 |     6 |     9 ||    23
  Use: Scroll            |       |       |     1 ||     1
 Stab: Sleeping          |     1 |     1 |     1 ||     3
       Confused          |       |       |     3 ||     3
  Eat: Chunk             |     1 |     6 |     3 ||    10
       Ration            |       |       |     1 ||     1
Armor: Robe              |    13 |     7 |     8 ||    28
Dodge: Dodged            |    25 |    22 |    17 ||    64
